 Dungeon Crawl Stone Soup version 0.29.1-2-gbd0b4ee654 (webtiles) character file.

Game seed: 15756433165758194852

1159 raph the Ducker (level 8, -2/49 HPs)
             Began as a Djinni Ice Elementalist on Nov 6, 2022.
             Was a Follower of Hepliaklqana.
             Slain by a steam dragon (8 damage)
             ... on level 6 of the Dungeon.
             The game lasted 00:08:46 (6664 turns).

raph the Ducker (Djinni Ice Elementalist)           Turns: 6664, Time: 00:08:47

Health: -2/49      AC:  3    Str:  7    XL:     8   Next: 66%
Gold:   278        EV: 14    Int: 28    God:    Hepliaklqana [*.....] SH:  0 Dex: 14

rFire   + + +      SeeInvis .   j - +12 short sword of the Dancing Gods {protect, rF+ Will+ Int+3}
rCold   x . .      Faith    .   (no shield)
rNeg    . . .      Spirit   .   a - +0 robe
rPois   ∞          Reflect  .   (no helmet)
rElec   .          Harm     .   (no cloak)
rCorr   .          Rampage  .   c - +0 pair of gloves
Will    +....                   (boots unavailable)
Stlth   +++.......              (no amulet)
HPRegen 0.16/turn               r - +6 ring of intelligence
MPRegen 0.00/turn               (no ring)

@: freezing walls, flying
A: reduced essence, sickness immunity, fire resistance 2, cold vulnerability 1,
float, innate caster, HP casting, extra vitality 1
a: Renounce Religion, Recall Ancestor, Ancestor Identity


You were on level 6 of the Dungeon.
You worshipped Hepliaklqana.
Hepliaklqana was aware of your devotion.
You visited 2 branches of the dungeon, and saw 7 of its levels.

You collected 278 gold pieces.

Inventory:

Hand Weapons
 e - a +0 short sword
 j - the +12 short sword of the Dancing Gods (weapon) {protect, rF+ Will+ Int+3}
   (You found it on level 2 of the Dungeon)

   It grants its wielder temporary protection when it strikes (+7 to AC).
   Int:       It affects your intelligence (+3).
   rF:        It protects you from fire.
   Will:      It increases your willpower.
 u - a +0 rapier
Missiles
 s - 3 poisoned darts
Armour
 a - a +0 robe (worn)
 c - a +0 pair of gloves (worn)
Jewellery
 r - a +6 ring of intelligence (left hand)
Wands
 q - a wand of polymorph (1)
Scrolls
 b - a scroll of teleportation
 f - 2 scrolls of poison
 i - a scroll of immolation {unknown}
 k - 2 scrolls of butterflies
 p - a scroll of identify
Potions
 d - a potion of magic {unknown}
 g - 2 potions of curing {unknown}
 h - 2 potions of resistance {unknown}
 l - a potion of attraction {unknown}
 m - a potion of flight {unknown}
 n - a potion of heal wounds {unknown}
 o - a potion of experience {unknown}
 t - 2 potions of might


   Skills:
 + Level 2.9 Fighting
 + Level 5.7 Dodging
 + Level 4.7 Stealth
 * Level 5.6 Spellcasting


You had one spell level left.
You knew the following spells:

 Your Spells              Type           Power      Damage    Failure   Level
a - Freeze                Ice            100%       1d11      1%          1
b - Frozen Ramparts       Ice            78%        1d12      1%          3
c - Ozocubu's Armour      Ice            39%        N/A       1%          3
d - Hailstorm             Conj/Ice       39%        3d9       6%          4
e - Shock                 Conj/Air       100%       1d9       1%          1
f - Passwall              Tmut/Erth      32%        N/A       1%          2
g - Teleport Other        Tloc           39%        N/A       1%          3
Your spell library was empty.

Dungeon Overview and Level Annotations

Branches:
Dungeon (6/15)             Temple (1/1) D:4

Altars:
Ashenzari
Cheibriados
Dithmenos
Elyvilon
Fedhas
Hepliaklqana
Nemelex Xobeh
Uskayaw
Xom
Yredelemnul
Zin

Shops:
D:6 =


Innate Abilities, Weirdness & Mutations

Your life essence is reduced to manifest your ancestor. (-10% HP)
You are immune to sickness and miasma.
You are immune to poison.
Your flesh is very heat resistant. (rF++)
You are vulnerable to cold. (rC-)
You float through the air rather than walking.
You learn spells naturally, not from books.
Your magical power is your life essence.
You have superior vitality. (+4 MHP)


Message History

There is a cloud of steam here.
The walls around you are covered in ice.
Zulima hits the steam dragon but does no damage.
The steam dragon breathes steam at you. The ball of steam misses you.
Your frozen ramparts will break if you move.
Continue?
The steam dragon attacks as you move away!
The steam dragon closely misses you. The steam dragon barely misses you.
The frozen ramparts melt away as you move.
Zulima hits the steam dragon but does no damage.
The steam dragon bites Zulima.
The steam dragon misses Zulima.
Zulima hits the steam dragon but does no damage.
The steam dragon bites Zulima.
The steam dragon claws Zulima.
Zulima barely misses the steam dragon.
The steam dragon breathes steam at you.
The ball of steam misses Zulima.
The ball of steam hits you. You resist.
You see here a bullfrog corpse.
You see here an adder corpse.
You start resting.
Something bites Zulima.
Something claws Zulima.
You swap places.
The steam dragon breathes steam at you. The ball of steam hits you. You resist.
* * * LOW HITPOINT WARNING * * *
You see here an adder corpse.
The steam dragon bites you but does no damage.
The steam dragon claws you.
* * * LOW HITPOINT WARNING * * *
Zulima hits the steam dragon.
The steam dragon bites you but does no damage.
The steam dragon claws you.
* * * LOW HITPOINT WARNING * * *
Casting: Frozen Ramparts (safe; 1% risk of failure)
Confirm with . or Enter, or press ? or * to list all spells.
Casting: Frozen Ramparts (safe; 1% risk of failure)
Press: ? - help, Dir - look around, f - activate The walls around you are covered in ice.
* * * LOW HITPOINT WARNING * * *
Zulima hits the steam dragon but does no damage.
The wall freezes the steam dragon!
The steam dragon bites you!
You die...

....# #.. ..... ##..#
.....# #... ......##..#
......#... .........# #.
.........## #..
..........## ##......
.......$..@######.......
.......##D....#.......#
......# ##R...........#
...... #.............#
.....# #...#.........#
#. ....#
#....##.........# #.
....
.......#.........####.
...
............###....##..
....##......# ##.......


You could see the friendly Zulima the ancestor and a steam dragon (ally target).

Vanquished Creatures
  A shadow (D:6)
  Eustachio (D:4)
  2 bullfrogs (D:6)
  2 scorpions
  2 howler monkeys
  A jelly (D:5)
  2 orc priests
  Ijyb (D:3)
  Terence (D:2)
  An iguana (D:6)
  Natasha (thrice) (D:2)
  An orc wizard (D:3)
  3 gnolls (D:3)
  6 adders
  A white imp (D:5)
  A dart slug (D:3)
  16 orcs
  6 endoplasms
  4 giant cockroaches
  7 goblins
  6 hobgoblins
  6 jackals (D:1)
  3 quokkas
  8 ball pythons
  4 bats
  8 frilled lizards
  7 kobolds
  5 rats
109 creatures vanquished.

Vanquished Creatures (collateral kills)
  A black bear (D:6)
  An adder (D:5)
  A shadow imp (D:6)
3 creatures vanquished.

Grand Total: 112 creatures vanquished

Notes
Turn   | Place    | Note
-------+----------+-------------------------------------------
     0 | D:1      | raph the Djinni Ice Elementalist began the quest for the
                  | Orb.
     0 | D:1      | raph set off with the following spells memorised: Freeze,
                  | Frozen Ramparts, Ozocubu's Armour, Hailstorm.
     0 | D:1      | Reached XP level 1. HP: 15/15 MP: 0/0
   357 | D:1      | Reached XP level 2. HP: 17/21 MP: 0/0
  1091 | D:1      | Reached XP level 3. HP: 15/25 MP: 0/0
  1091 | D:1      | Learned a level 1 spell: Shock
  1606 | D:2      | Noticed Natasha
  1611 | D:2      | Killed Natasha
  1612 | D:2      | Reached XP level 4. HP: 20/31 MP: 0/0
  1831 | D:2      | Identified the +12 short sword of the Dancing Gods
                  | {protect, rF+ Will+ Int+3}
  1879 | D:2      | Noticed Natasha
  1886 | D:2      | Killed Natasha
  1887 | D:2      | Reached XP level 5. HP: 27/35 MP: 0/0
  1887 | D:2      | Learned a level 2 spell: Passwall
  2047 | D:2      | Found a hide-covered altar of Uskayaw.
  2075 | D:2      | Noticed Terence
  2076 | D:2      | Noticed Natasha
  2087 | D:2      | Killed Terence
  2281 | D:2      | Killed Natasha
  2502 | D:3      | Reached XP level 6. HP: 30/40 MP: 0/0
  3059 | D:3      | Noticed Ijyb
  3093 | D:3      | Killed Ijyb
  3777 | D:4      | Noticed Eustachio
  3787 | D:4      | Killed Eustachio
  3788 | D:4      | Reached skill level 1 in Fighting
  3788 | D:4      | Reached XP level 7. HP: 17/47 MP: 0/0
  3788 | D:4      | Learned a level 3 spell: Teleport Other
  3988 | D:4      | Found a staircase to the Ecumenical Temple.
  3996 | Temple   | Entered the Ecumenical Temple
  4063 | Temple   | Became a worshipper of Hepliaklqana the Forgotten
  5182 | D:5      | Entered Level 5 of the Dungeon
  5747 | D:5      | Found a broken altar of Ashenzari.
  5779 | D:5      | Reached * piety under Hepliaklqana
  5935 | D:5      | Reached skill level 5 in Dodging
  6187 | D:6      | Found Pehif's Jewellery Shoppe.
  6196 | D:6      | Reached skill level 5 in Spellcasting
  6196 | D:6      | Reached XP level 8. HP: 40/48 MP: 0/0
  6609 | D:6      | Noticed a shadow
  6619 | D:6      | Killed a shadow
  6664 | D:6      | Slain by a steam dragon

Illustrated notes

Levels and vault maps discovered:
D:1:      lightli_arrival_maybe_door_vault, layout_basic, minmay_misc_feat_tower
D:2:      layout_basic, basic_altar, uniq_terence, uniq_natasha
D:3:      layout_basic, gup_sewer_entry_glass, minmay_misc_feat_more_columns,
          uniq_ijyb
D:4:      layout_basic, minmay_temple_entry_waves, kennysheep_generic_room_2,
          uniq_eustachio
D:5:      layout_cave_pools, cheibrodos_ashenzari_chains
D:6:      layout_layer_cave, grunt_temple_overflow_open,
          grunt_temple_overflow_bloody_war, serial_shops, shop,
          skrybe_limestone_x, dreamdust_wishing_well
Temple:   chequers_temple_sunken

Skill      XL: |  1  2  3  4  5  6  7 |
---------------+----------------------+-----
Stealth        | 2 3 4 |  4.7
Dodging        | 3 4 5 |  5.7
Spellcasting   | 4 5 |  5.6
Fighting       | 1 2 |  2.9

Action                   |  1- 3 |  4- 6 |  7- 9 || total
-------------------------+-------+-------+-------++-------
Melee: Short sword       |     9 |    40 |    35 ||    84
       Unarmed           |     1 |     3 |       ||     4
 Cast: Freeze            |    35 |    25 |    11 ||    71
       Frozen Ramparts   |       |    17 |    14 ||    31
       Ozocubu's Armour  |       |     5 |     1 ||     6
       Shock             |       |     2 |     7 ||     9
  Use: Scroll            |       |       |     9 ||     9
 Stab: Sleeping          |     2 |     1 |     1 ||     4
       Distracted        |       |       |     1 ||     1
Armor: Robe              |    10 |    19 |    16 ||    45
Dodge: Dodged            |    27 |    67 |    41 ||   135
